 Dungeon Crawl Stone Soup version 0.31-a0-750-gfe7b580527 (webtiles) character file.

Game seed: 12217958769059219107

143 heikuro the Shield-Bearer (level 5, -7/42 HPs)
             Began as a Formicid Fighter on Sept 15, 2023.
             Was a Believer of Lugonu.
             Mangled by Crazy Yiuf
             ... wielding a +2 quarterstaff of chaos
              (8 damage)
             ... on level 3 of the Dungeon.
             The game lasted 00:07:12 (2101 turns).

heikuro the Shield-Bearer (Formicid Fighter)        Turns: 2101, Time: 00:07:12

Health: -7/42      AC:  8    Str: 23    XL:     5   Next: 50%
Magic:  6/6        EV:  9    Int:  7    God:    Lugonu [**....]
Gold:   156        SH:  5    Dex: 13    Spells: 4/4 levels left

rFire   . . .        p - +2 short sword (venom)
rCold   . . .        c - +0 buckler
rNeg    . . .        k - +0 scale mail
rPois   .            (helmet unavailable)
rElec   .            (no cloak)
rCorr   .            (no gloves)
SInv    +            n - +0 pair of boots
Will    .....        (no amulet) Stlth
                     (no ring)
HPRegen 0.27/turn    (no ring)
MPRegen 0.10/turn

%: no passive effects
@: no status effects
A: permanent stasis, dig shafts and tunnels, antennae 3, four strong arms
a: Dig, Shaft Self, Renounce Religion, Depart the Abyss, Banish


You were on level 3 of the Dungeon.
You worshipped Lugonu.
Lugonu was pleased with you.
You visited 1 branch of the dungeon, and saw 3 of its levels.

You collected 156 gold pieces.

Inventory:

Hand Weapons
 a - a +0 war axe
 b - a +0 sling
 i - a +0 trident
 p - a +2 short sword of venom (weapon)
Armour
 c - a +0 buckler (worn)
 k - a +0 scale mail (worn)
 n - a +0 pair of boots (worn)
Scrolls
 e - a scroll of butterflies {unknown}
 f - a scroll of teleportation {unknown}
 h - a scroll of poison {unknown}
 j - a scroll of enchant armour {unknown}
 l - 2 scrolls of vulnerability {unknown}
 o - 2 scrolls of fog {unknown}
 q - a scroll of immolation {unknown}
Potions
 d - 2 potions of might
 g - 3 potions of curing {unknown}
 m - a potion of enlightenment {unknown}


   Skills:
 + Level 3.9 Fighting
 * Level 3.5 Axes
 + Level 4.0 Armour
 + Level 4.8 Shields
 + Level 1.5 Invocations


You had 4 spell levels left.
You didn't know any spells.
Your spell library was empty.

Dungeon Overview and Level Annotations

Branches:
Dungeon (3/15)

Altars:
Zin
Lugonu

Annotations:
D:3 Crazy Yiuf


Innate Abilities, Weirdness & Mutations

You cannot be hasted, slowed, berserked, paralysed or teleported.
You can dig through walls and to a lower floor.
You have a pair of large antennae on your head. (SInv)
Your four strong arms can wield two-handed weapons with a shield.


Message History

You fail to use your ability.
You feel sick.
Crazy Yiuf yells, "Trifle!
Ghoul turtle King."
Crazy Yiuf hits you with a +2 quarterstaff of chaos.
* * * LOW HITPOINT WARNING * * *
You are confused.
Unknown command.
You are too confused!
Unknown command.
Unknown command.
Unknown command.
You bump into the tree.
* * * LOW HITPOINT WARNING * * *
You feel sick. Crazy Yiuf hits you but does no damage.
Unknown command.
You barely miss the fungus.
You feel less confused.
* * * LOW HITPOINT WARNING * * *
You feel sick. Crazy Yiuf hits you but does no damage.
You puncture the fungus!
The fungus begins to die.
The fungus is lightly damaged.
* * * LOW HITPOINT WARNING * * *
You feel sick. You block Crazy Yiuf's attack.
Unknown command.
Unknown command.
Unknown command.
You hit the fungus.
The fungus is lightly damaged.
* * * LOW HITPOINT WARNING * * *
You feel sick. You block Crazy Yiuf's attack.
You hit the fungus.
The fungus is lightly damaged.
* * * LOW HITPOINT WARNING * * *
You feel sick.
You are no longer poisoned.
You block Crazy Yiuf's attack.
You puncture the fungus!
The fungus is poisoned.
The fungus is lightly damaged.
Crazy Yiuf looks more healthy.
A nearby fungus withers and dies.
Crazy Yiuf hits you with a +2 quarterstaff of chaos!
You die...

#.# #.#.# #)..#
#..#######..# #.####.#.##
#...# #.....#.....#
#.........# ...
#.###.#.##..# ######.#..#
#'# #.# #.#.##..# #.####
♣.♣♣ #.###..†....# #.#
♣♣.♣ #..)...####.#
######.# ♣.♣♣ ###...## #.#
.......# ♣♣g♣ #...# #.#
######## ♣♣@♣♣
###...#####.# #### ♣♣P..♣
#...........# ...# ♣.P.P♣
####..####### ##.# ##..##
#.....# #.#
###....######.##
##.#########.#...#....)..#
...)..)........>...#######
#............#######
##.###########


You could see Crazy Yiuf.

Vanquished Creatures
  Natasha (twice) (D:3)
  An adder (D:2)
  2 worms (D:3)
  A dart slug (D:3)
  An orc (D:3)
  5 ball pythons
  7 endoplasms
  5 giant cockroaches
  5 goblins
  3 hobgoblins
  16 jackals
  5 kobolds
  A quokka (D:3)
  6 bats
  2 frilled lizards (D:2)
  5 rats
67 creatures vanquished.

Notes
Turn   | Place    | Note
-------+----------+-------------------------------------------
     0 | D:1      | heikuro the Formicid Fighter began the quest for the Orb.
     0 | D:1      | Reached XP level 1. HP: 18/18 MP: 1/1
   102 | D:1      | Reached XP level 2. HP: 24/24 MP: 2/2
   418 | D:1      | Found a faded altar of an unknown god.
   512 | D:1      | Prayed at the altar of an unknown god.
   512 | D:1      | Became a worshipper of Lugonu the Unformed
   512 | D:1      | Reached * piety under Lugonu
   554 | D:2      | Reached XP level 3. HP: 24/29 MP: 3/3
   626 | D:2      | Found a glowing silver altar of Zin.
   762 | D:2      | Reached XP level 4. HP: 36/37 MP: 4/4
   795 | D:2      | Reached ** piety under Lugonu
   993 | D:2      | Reached skill level 1 in Invocations
  1455 | D:3      | Found a runed translucent door.
  1456 | D:3      | Noticed Crazy Yiuf
  1821 | D:3      | Noticed Natasha
  1824 | D:3      | Killed Natasha
  1825 | D:3      | Reached XP level 5. HP: 42/42 MP: 4/6
  1883 | D:3      | Noticed Natasha
  1890 | D:3      | Killed Natasha
  2099 | D:3      | HP: 2/42 [poisoned by Crazy Yiuf]
  2101 | D:3      | Mangled by Crazy Yiuf

Illustrated notes

Levels and vault maps discovered:
D:1:      tarquinn_simple_flora_water_e, layout_rooms,
          ebering_ecumenical_altar_box, minivault_4
D:2:      layout_basic, basic_altar
D:3:      layout_loops_ring, chequers_arboretum, uniq_crazy_yiuf_cottage,
          uniq_natasha

Skill      XL: |  1  2  3  4  5 |
---------------+----------------+-----
Axes           | 3 |  3.5
Invocations    | 1 |  1.5
Armour         | 4 |  4.0
Fighting       | |  3.9
Shields        | |  4.8

Action                     |  1- 3 |  4- 6 || total
---------------------------+-------+-------++-------
  Melee: War axe           |    74 |    88 ||   162
         Short sword       |       |     8 ||     8
   Fire: Sling             |     3 |       ||     3
 Armour: Scale mail        |    61 |    72 ||   133
  Dodge: Dodged            |    47 |    52 ||    99
  Block: Buckler           |    28 |    26 ||    54

Table legend: (Time is in decaauts)
 A = Elapsed time spent in this place.
 B = Non-inter-level travel time spent in this place.
 C = Inter-level travel time spent in this place.
 D = Time resting spent in this place.
 E = Time spent auto-exploring this place.
 F = Levels seen in this place.
 G = Mean time per level.
                   A        B        C        D        E       F      G
               +--------+--------+--------+--------+--------+-----+--------+
         Total |   2163 |   2087 |     76 |     73 |   1288 |   3 |  721.0 |
       Dungeon |   2163 |   2087 |     76 |     73 |   1288 |   3 |  721.0 |
               +--------+--------+--------+--------+--------+-----+--------+

Top non-repeatable levels by time:
     D:3: 952 daAuts
     D:2: 666 daAuts
     D:1: 544 daAuts
